 Dungeon Crawl Stone Soup version 0.23-a0-108-gf7ee2ed (webtiles) character file.

71 galech the Skirmisher (level 4, 27/35 HPs)
             Began as a Demonspawn Berserker on Aug 21, 2018.
             Was a Believer of Trog.
             Quit the game on level 2 of the Dungeon.
             The game lasted 00:02:30 (1536 turns).

galech the Skirmisher (Demonspawn Berserker)        Turns: 1536, Time: 00:02:31

Health: 27/35      AC:  4    Str: 17    XL:     4   Next: 5%
Magic:  4/4        EV:  9    Int:  8    God:    Trog [**....]
Gold:   95         SH:  7    Dex: 14    Spells: 3/3 levels left

rFire    . . .     SeeInvis .   a - +0 hand axe
rCold    + . .     Gourm    .   m - +0 shield
rNeg     . . .     Faith    .   o - +0 leather armour (curse)
rPois    .         Spirit   .   j - +0 helmet (curse)
rElec    .         Reflect  .   (no cloak)
rCorr    .         Harm     .   (no gloves)
MR       +....                  (no boots)
Stlth    +.........             (no amulet)
HPRegen  0.11/turn              b - ring of protection from magic
MPRegen  0.09/turn              (no ring)

@: no status effects
A: talons 1, cold resistance 1, spiny 1
a: Berserk, Trog's Hand, Renounce Religion


You were on level 2 of the Dungeon.
You worshipped Trog.
Trog was pleased with you.
You were not hungry.

You visited 1 branch of the dungeon, and saw 2 of its levels.

You collected 95 gold pieces.

Inventory:

Hand Weapons
 a - a +0 hand axe (weapon)
Armour
 j - a cursed +0 helmet (worn)
 m - a +0 shield (worn)
 o - a cursed +0 leather armour (worn)
Jewellery
 b - a ring of protection from magic (left hand)
Wands
 r - a wand of acid (10)
Scrolls
 d - a scroll of fear {unknown}
 l - 2 scrolls of remove curse {unknown}
 n - a scroll of identify {unknown}
 p - a scroll of teleportation {unknown}
 s - a scroll of magic mapping {unknown}
Potions
 e - a potion of heal wounds {unknown}
 f - 2 potions of flight {unknown}
 g - 2 potions of mutation {unknown}
 h - a potion of cancellation {unknown}
 i - a potion of might {unknown}
 k - a potion of lignification {unknown}
Comestibles
 c - 2 rations
 q - a chunk of flesh


   Skills:
 + Level 3.5 Fighting
 + Level 3.4 Axes
 + Level 1.8 Armour
 + Level 2.5 Dodging
 + Level 0.5 Stealth
 + Level 0.3 Shields


You had 3 spell levels left.
You didn't know any spells.
Your spell library was empty.

Dungeon Overview and Level Annotations

Branches:
Dungeon (2/15)

Altars:
Elyvilon


Innate Abilities, Weirdness & Mutations

You have sharp toenails.
Your flesh is cold resistant. (rC+)
You are partially covered in sharp spines.


Message History

You closely miss the adder.
The adder is moderately wounded.
You block the adder's attack. x2
You slash the adder!
The adder is almost dead.
The adder bites you.
You closely miss the adder.
The adder is almost dead.
The adder bites you. The adder barely misses you.
You hit the adder.
You kill the adder!
Trog accepts your kill.
You have reached level 4!
You feel agile.
Your demonic ancestry asserts itself...
Your toenails lengthen and sharpen.
You see here an adder corpse.
You butcher the adder corpse.
q - a chunk of flesh You see here an adder skeleton.
Are you sure you want to abandon this character and quit the game? (Confirm with "yes".)

## ##### #.
....#####
#.####...$....
#....#.....###
#............#
#<...#@....#.
#.#.###...##
#.#.# #.##
##.#.####.#
#.......# #
#.#####.# #.#
# #.# #.# #.#
#.#..# #.# #
#.# #.#..#


There were no monsters in sight!

Vanquished Creatures
  3 adders (D:2)
  A worm (D:2)
  7 bats
  2 giant cockroaches
  9 goblins
  4 hobgoblins (D:2)
  7 kobolds
  A ball python (D:1)
  3 frilled lizards
  5 rats
42 creatures vanquished.

Notes
Turn   | Place    | Note
-------+----------+-------------------------------------------
     0 | D:1      | galech the Demonspawn Berserker began the quest for the Orb.
     0 | D:1      | Reached XP level 1. HP: 18/18 MP: 1/1
   242 | D:1      | Gained mutation: Your flesh is cold resistant. (rC+) [demonic ancestry]
   242 | D:1      | Reached XP level 2. HP: 18/24 MP: 2/2
  1030 | D:2      | Gained mutation: You are partially covered in sharp spines. [demonic ancestry]
  1030 | D:2      | Reached XP level 3. HP: 29/29 MP: 3/3
  1058 | D:2      | Found a white marble altar of Elyvilon.
  1116 | D:2      | Reached ** piety under Trog
  1532 | D:2      | Gained mutation: You have sharp toenails. [demonic ancestry]
  1532 | D:2      | Reached XP level 4. HP: 26/35 MP: 4/4
  1536 | D:2      | Quit the game

Vault maps used:
D:1:      lemuel_arrival_room, kennysheep_nondescript
D:2:      minmay_diamond_boxcup, lemuel_crystal_altar, first_ration,
          serial_bayou_pond_d, minmay_pentomino_q4

Skill      XL: |  1  2 |
---------------+-------+-----
Axes           | 3 |  3.4
Dodging        | 2 |  2.5
Fighting       | |  3.5
Armour         | |  1.8
Stealth        | |  0.5
Shields        | |  0.3

Action                   |  1- 3 |  4- 6 || total
-------------------------+-------+-------++-------
Melee: Hand axe          |   133 |       ||   133
Invok: Berserk           |     1 |       ||     1
       Trog's Hand       |     1 |       ||     1
 Stab: Sleeping          |     1 |       ||     1
  Eat: Chunk             |     3 |       ||     3
Armor: Animal skin       |    43 |       ||    43
       Leather armour    |    12 |       ||    12
Dodge: Dodged            |    84 |       ||    84
Block: Shield            |    30 |       ||    30

Table legend:
 A = Non-vault XP
 B = Vault XP
 C = Vault XP percentage of total XP
 D = Non-vault monster count
 E = Vault monster count
 F = Vault count percentage of total count
                 A         B        C        D         E       F
            +---------+---------+-------+---------+---------+-------
      Total |      71 |      31 |  30.4 |      37 |       5 |  11.9
            +---------+---------+-------+---------+---------+-------
        D:1 |      31 |       0 |   0.0 |      21 |       0 |   0.0
        D:2 |      40 |      31 |  43.7 |      16 |       5 |  23.8
            +---------+---------+-------+---------+---------+-------
